AoeStats
← |GaoeG| flamingo

Black Forest

508931083Analyzed
4v4 RM · 8d ago on Sep 24, 2026· 44m 30s· 8 players
Game mode
Random Map
Map size
Large (8 player)
Population
200
Speed
Normal
Resources
Standard
Victory
Conquest
Starting age
Dark Age
Ending age
Imperial Age
RankedLock teamsTeams togetherTeam positionsShared explorationLock speedFull tech treeHidden civsTurbo modeCheats
Victory
Defeat
🇪🇸 Romans · Spain
1307
+13
🇦🇷 Hindustanis · Argentina
1218
+17
🇨🇴 Bohemians · Colombia
1216
+17
🇪🇸 Cumans · Spain
1215
+17
🇧🇪 Italians · Belgium
1279
-18
🇮🇳 Danes · India
1242
-16
🇺🇸 Byzantines · United States
1226
-15
🇹🇼 Wei · Taiwan
1217
-15
Althing
3:45 Loom
11:43 Feudal Age
16:41 Castle Age
14:37 Double-Bit Axe
15:53 Horse Collar
19:32 Town Watch
22:25 Stone Mining
26:00 Heavy Plow
27:26 Gold Mining
31:12 Imperial Age
29:26 Ballistics
30:27 Scale Mail Armor
30:58 Forging
31:50 Chain Mail Armor
33:09 Wheelbarrow
33:35 Iron Casting
33:15 Arson
33:35 Squires
34:42 Plate Mail Armor
37:56 Blast Furnace
37:50 Pikeman
39:14 Bow Saw
40:16 Conscription
39:19 Elite Genoese Crossbowman
40:04 Padded Archer Armor
40:22 Caravan
42:25 Fletching
43:37 Chemistry
42:55 Leather Archer Armor
45:00 Bodkin Arrow
AquilaMaximus
0:26 Loom
11:20 Feudal Age
15:26 Castle Age
13:33 Double-Bit Axe
14:06 Horse Collar
23:00 Bow Saw
24:45 Heavy Plow
25:52 Forging
25:48 Scale Barding Armor
26:38 Wheelbarrow
25:58 Gold Mining
27:12 Iron Casting
27:11 Stone Mining
32:42 Hand Cart
36:51 Scale Mail Armor
41:28 Imperial Age
39:27 Pikeman
40:09 Squires
40:53 Chain Mail Armor
42:05 Halberdier
kaar
1:03 Loom
12:21 Feudal Age
16:55 Castle Age
14:52 Double-Bit Axe
15:02 Horse Collar
17:54 Bow Saw
20:11 Town Watch
23:52 Heavy Plow
26:42 Wheelbarrow
26:27 Arson
26:44 Squires
27:36 Gold Mining
29:17 Hand Cart
29:40 Forging
33:32 Imperial Age
31:13 Scale Mail Armor
31:48 Iron Casting
31:50 Caravan
33:07 Masonry
33:20 Ballistics
34:19 Gold Shaft Mining
33:34 Stone Mining
34:02 Chain Mail Armor
33:35 Onager
33:54 Hamask
34:03 Elite Varangian Guard
34:38 Heavy Scorpion
36:10 Siege Onager
37:55 Siege Engineers
38:51 Chemistry
38:57 Plate Mail Armor
39:28 Blast Furnace
39:52 Town Patrol
只會5TC
1:41 Loom
11:15 Feudal Age
13:16 Double-Bit Axe
15:35 Castle Age
13:41 Horse Collar
14:27 Gold Mining
16:07 Stone Mining
17:32 Bow Saw
25:25 Wheelbarrow
27:11 Hand Cart
29:34 Imperial Age
27:33 Heavy Plow
30:43 Gold Shaft Mining
31:19 Conscription
32:40 Scale Barding Armor
32:46 Forging
33:30 Bloodlines
33:20 Husbandry
34:46 Chain Barding Armor
35:01 Iron Casting
35:25 Iron Casting
34:38 Heavy Hei Guang Cavalry
38:12 Blast Furnace
|GaoeG| Tifus
0:40 Loom
12:06 Feudal Age
13:25 Horse Collar
16:17 Castle Age
15:04 Gold Mining
15:03 Double-Bit Axe
19:54 Pikeman
20:35 Squires
20:44 Scale Mail Armor
22:00 Ballistics
34:48 Imperial Age
34:35 Wheelbarrow
35:23 Bow Saw
35:23 Halberdier
35:27 Capped Ram
37:29 Chemistry
36:32 Man-at-Arms
39:30 Siege Ram
40:53 Chain Mail Armor
40:48 Forging
42:15 Hand Cart
43:54 Onager
44:01 Heavy Scorpion
|GaoeG| flamingo
3:52 Loom
10:36 Feudal Age
11:23 Double-Bit Axe
11:20 Horse Collar
20:53 Castle Age
19:36 Wheelbarrow
19:41 Bloodlines
19:39 Scale Barding Armor
19:54 Gold Mining
21:58 Bow Saw
21:52 Heavy Plow
22:31 Gold Shaft Mining
24:56 Chain Barding Armor
28:24 Forging
30:24 Iron Casting
33:35 Imperial Age
33:54 Cavalier
35:20 Plate Barding Armor
35:53 Conscription
38:26 Light Cavalry
38:39 Paladin
40:31 Blast Furnace
DCB
1:30 Loom
11:54 Feudal Age
15:50 Castle Age
14:08 Double-Bit Axe
15:07 Horse Collar
17:31 Bow Saw
18:54 Heavy Plow
20:18 Town Watch
21:13 Wheelbarrow
26:42 Chemistry
31:07 Imperial Age
31:03 Ballistics
30:57 Fortified Wall
32:10 Padded Archer Armor
32:01 Fletching
32:11 Pikeman
32:51 Squires
32:36 Arson
33:33 Hand Cart
34:23 Two-Man Saw
35:07 Siege Engineers
34:57 Murder Holes
34:59 Halberdier
35:00 Man-at-Arms
36:58 Masonry
37:56 Long Swordsman
38:53 Scale Mail Armor
38:49 Bodkin Arrow
39:10 Leather Archer Armor
39:08 Forging
39:11 Two-Handed Swordsman
40:08 Chain Mail Armor
41:58 Leather Archer Armor
41:44 Bracer
42:15 Plate Mail Armor
42:20 Iron Casting
41:59 Fervor
42:10 Sanctity
42:01 Redemption
42:10 Caravan
Lord pelusa
0:26 Loom
10:54 Feudal Age
16:02 Castle Age
14:41 Double-Bit Axe
15:59 Wheelbarrow
18:05 Gold Mining
23:12 Gold Shaft Mining
23:21 Stone Mining
27:02 Stone Shaft Mining
26:30 Caravan
29:14 Hand Cart
29:12 Bow Saw
28:45 Horse Collar
32:42 Imperial Age
30:53 Fortified Wall
31:05 Heavy Plow
33:41 Shatagni
34:01 Conscription
34:44 Chemistry
35:31 Grand Trunk Road
36:00 Scale Barding Armor
36:05 Forging
35:53 Onager
37:13 Husbandry
37:24 Bloodlines
37:49 Chain Barding Armor
36:52 Heavy Camel Rider
38:48 Town Watch
Connection lost

Rejoining the realm…

Still unreachable

The connection could not be restored.

Session expired

The server has moved on; the page needs a fresh start.